 Dungeon Crawl Stone Soup version 0.24-a0-537-g2d01d4ab0a (webtiles) character file.

Game seed: 8238108277832584897

26214 Gynju the Unseen (level 12, 0/60 HPs)
             Began as a Spriggan Enchanter on Aug 14, 2019.
             Was an Elder of Kikubaaqudgha.
             Slain by a harpy (11 damage)
             ... summoned by Kirke
             ... on level 5 of the Lair of Beasts.
             The game lasted 00:41:08 (19278 turns).

Gynju the Unseen (Spriggan Enchanter)              Turns: 19278, Time: 00:41:08

Health: 0/60       AC:  3    Str:  4    XL:     12   Next: 96%
Magic:  3/34       EV: 27    Int: 21    God:    Kikubaaqudgha [****..]
Gold:   814        SH:  0    Dex: 17    Spells: 14/28 levels left

rFire    . . .     SeeInvis +   b - +4 dagger
rCold    . . .     Gourm    .   (shield restricted)
rNeg     . . .     Faith    .   j - +1 robe
rPois    .         Spirit   .   (helmet restricted)
rElec    .         Reflect  .   (no cloak)
rCorr    .         Harm     .   (gloves unavailable)
MR       ++...                  (boots unavailable)
Stlth    ++++++....             r - amulet of the acrobat
HPRegen  0.20/turn              m - ring of magical power
MPRegen  0.24/turn              e - +2 ring of evasion

@: very quick
A: very small, unfitting armour, see invisible, herbivore, speed 3, slow
metabolism 2
a: Receive Corpses, Renounce Religion


You were on level 5 of the Lair of Beasts.
You worshipped Kikubaaqudgha.
Kikubaaqudgha was greatly pleased with you.
You were not hungry.

You visited 3 branches of the dungeon, and saw 18 of its levels.

You collected 814 gold pieces.

Inventory:

Hand Weapons
 a - a +4 rapier
 b - a +4 dagger (weapon)
Missiles
 y - 2 curare-tipped darts (quivered)
Armour
 j - a +1 robe (worn)
Jewellery
 e - a +2 ring of evasion (right hand)
 m - a ring of magical power (left hand)
 r - an amulet of the acrobat (around neck)
 w - an uncursed ring of positive energy
Wands
 z - a wand of paralysis (6)
 B - a wand of digging (6)
 E - a wand of clouds (5)
Scrolls
 c - 3 scrolls of remove curse
 f - 7 scrolls of amnesia
 i - a scroll of magic mapping
 k - 6 scrolls of teleportation
 p - a scroll of fog
 C - a scroll of blinking
 F - a scroll of identify
Potions
 g - 4 potions of brilliance
 h - 5 potions of might
 l - 5 potions of flight
 n - 3 potions of lignification
 o - a potion of ambrosia
 q - 4 potions of curing
 s - a potion of mutation
 t - 2 potions of haste
 u - 2 potions of heal wounds
 v - a potion of berserk rage {unknown}
 x - 6 potions of degeneration
 A - 2 potions of cancellation {unknown}
 D - a potion of magic {unknown}
Comestibles
 d - 26 rations


   Skills:
 + Level 5.2 Fighting
 - Level 3.9 Short Blades
 + Level 9.5 Dodging
 + Level 16.2 Stealth
 + Level 8.9 Spellcasting
 * Level 11.4 Hexes
 * Level 8.2 Necromancy
 * Level 7.1 Ice Magic


You had 14 spell levels left.
You knew the following spells:

 Your Spells              Type           Power        Failure   Level  Hunger
a - Vampiric Draining     Necr           #####.....   1%          3    None
b - Ensorcelled Hibernat  Hex/Ice        #####.       1%          2    None
c - Tukima's Dance        Hex            ######..     1%          3    None
d - Confuse               Hex            ######..     1%          3    None
e - Dazzling Spray        Conj/Hex       ####..       1%          3    None

Your spell library contained the following spells:

 Spells                   Type           Power        Failure   Level  Hunger
 Animate Skeleton         Necr           N/A          1%          1    None
 Corona                   Hex            ######.      1%          1    None
 Pain                     Necr           ####         1%          1    None
 Sublimation of Blood     Necr           #####.....   1%          2    None
 Inner Flame              Hex/Fire       ####....     1%          3    None
 Animate Dead             Necr           N/A          2%          4    ###....
 Regeneration             Chrm/Necr      ####......   4%          3    None
 Fulminant Prism          Conj/Hex       ####......   7%          4    ###....
 Leda's Liquefaction      Hex/Erth       ####......   7%          4    ###....
 Agony                    Necr           #####...     7%          5    #####..
 Dispel Undead            Necr           #####...     7%          5    #####..
 Apportation              Tloc           #.....       8%          1    None
 Magic Dart               Conj           #...         8%          1    None
 Summon Butterflies       Summ           #.......     8%          1    None
 Poisonous Vapours        Pois/Air       #.....       11%         2    None
 Searing Ray              Conj           #.....       11%         2    None
 Invisibility             Hex            ######..     11%         6    ######.
 Lesser Beckoning         Tloc           #.........   22%         3    None
 Borgnjor's Vile Clutch   Necr/Erth      ####......   36%         5    #####..
 Excruciating Wounds      Chrm/Necr      ####......   36%         5    #####..
 Simulacrum               Ice/Necr       #####.....   43%         6    ######.
 Force Lance              Conj/Tloc      #.......     58%         4    ###....
 Iskenderun's Mystic Bla  Conj           #.......     58%         4    ###....
 Alistair's Intoxication  Tmut/Pois      #.......     90%         5    #####..
 Bolt of Magma            Conj/Fire/Erth #.........   90%         5    #####..
 Iskenderun's Battlesphe  Conj/Chrm      #.......     90%         5    #####..
 Venom Bolt               Conj/Pois      #.........   90%         5    #####..
 Iron Shot                Conj/Erth      #.........   100%        6    ######.
 Statue Form              Tmut/Erth      #........    100%        6    ######.
 Orb of Destruction       Conj           #.........   100%        7    #######
 Spellforged Servitor     Conj/Summ      #.........   100%        7    #######
 Shatter                  Erth           #.........   100%        9    #######


Dungeon Overview and Level Annotations

Branches:
Dungeon (11/15)            Temple (1/1) D:6            Lair (6/6) D:8
 Shoals (0/4) Lair:4       Spider (0/4) Lair:2        Slime (0/5) Lair:5
    Orc: D:9-12

Altars:
Cheibriados
Elyvilon
Gozag
Kikubaaqudgha
Makhleb
Sif Muna
Trog
Vehumet
Jiyva

Annotations:
Lair:3 Fannar
Lair:5 Kirke


Innate Abilities, Weirdness & Mutations

You are very small and have problems with some larger weapons.
You are too small for most types of armour.
You have supernaturally acute eyesight. (SInv)
You are a herbivore.
You cover ground extremely quickly.
You need to consume almost no food.


Message History

Kirke summons some harpies!
Casting: Confuse (safe; 1% risk of failure)
Confirm with . or Enter, or press ? or * to list all spells.
Aiming: Confuse (safe; 1% risk of failure)
Press: ? - help, Shift-Dir - straight line, f/p - Kirke
Aim: Kirke (almost dead, chance to defeat MR: 12%) Kirke resists with almost no effort.
The harpy completely misses you. The harpy misses you.
Kirke closely misses you. The harpy closely misses you.
The harpy completely misses you.
Casting: Confuse (safe; 1% risk of failure)
Confirm with . or Enter, or press ? or * to list all spells.
Aiming: Confuse (safe; 1% risk of failure)
Press: ? - help, Shift-Dir - straight line, f/p - Kirke
Aim: Kirke (almost dead, chance to defeat MR: 12%) Kirke appears confused.
The harpy claws you! The harpy claws you.
The harpy completely misses you. x3; The harpy misses you.
The harpy claws you!
* * * LOW HITPOINT WARNING * * *
The harpy claws you!
You die...
Kikubaaqudgha rasps: "You have failed me!
Welcome... death!"

.................................
.............................(...
.##..............................
.##..............................
..#..............................
.#...........................###.
.PP..........................##..
...............P...........#.####
..≈≈≈≈.........@@H..<.......## #
≈≈≈≈≈≈≈........H............### #
.≈≈≈≈≈≈...........P#........P.###
<.≈≈≈≈≈..........###..........#P#
.≈≈≈≈≈≈....>......#P.....[.......
.≈≈≈≈≈≈..........###.............
≈≈≈≈≈≈............#.#............
≈≈≈≈≈≈...........................
.≈≈≈........................##...


You could see Kirke (confused) and 2 harpies.

Vanquished Creatures
  Erolcha (D:10)
  4 hydras
  Sonja (Lair:1)
  2 black mambas (Lair:2)
  A manticore (Lair:4)
  7 spiny frogs
  6 rime drakes (Lair:4)
  7 komodo dragons
  A polar bear (Lair:4)
  5 blink frogs
  12 hippogriffs
  A snapping turtle (Lair:4)
  Sigmund (D:5)
  8 wyverns
  2 hungry ghosts
  13 yaks
  2 basilisks (Lair:4)
  Eustachio (D:5)
  A human (D:7)
  8 hogs
  9 water moccasins
  6 porcupines
  An orc warrior (D:10)
  3 black bears
  2 ice beasts
  A sky beast (D:8)
  8 wolves
  3 ogres
  A phantom (D:4)
  3 centaurs
  10 crocodiles
  2 big kobolds
  10 bullfrogs
  4 scorpions
  4 howler monkeys
  4 wights (D:8)
  2 electric eels
  4 crimson imps
  A lava snake (D:8)
  A bullfrog zombie (D:6)
  7 hounds
  4 jellies
  9 orc wizards
  6 orc priests
  2 bullfrog skeletons
  4 centaur skeletons
  2 iguanas
  9 worker ants
  A hound zombie (D:10)
  2 worker ant zombies
  8 adders
  8 gnolls
  3 shadow imps
  An adder zombie (D:6)
  2 adder skeletons
  2 dart slugs (D:1)
  5 leopard geckos
  34 orcs
  8 bats
  10 giant cockroaches
  7 goblins
  5 hobgoblins
  16 kobolds
  4 quokkas
  3 ball pythons (D:1)
  5 frilled lizards
  A quokka skeleton (D:4)
  4 rats
335 creatures vanquished.

Vanquished Creatures (collateral kills)
  A wight (D:8)
  An iguana (D:8)
  An orc (D:9)
  A kobold (D:8)
4 creatures vanquished.

Vanquished Creatures (others)
  A dancing weapon (D:3)
  A fungus (Lair:4)
  21 plants
23 creatures vanquished.

Grand Total: 362 creatures vanquished

Notes
Turn   | Place    | Note
-------+----------+-------------------------------------------
     0 | D:1      | Gynju the Spriggan Enchanter began the quest for the Orb.
     0 | D:1      | Reached XP level 1. HP: 9/9 MP: 5/5
    74 | D:1      | Reached XP level 2. HP: 12/13 MP: 6/6
    83 | D:1      | Learned a level 2 spell: Ensorcelled Hibernation
   287 | D:1      | Reached skill level 5 in Stealth
  1072 | D:1      | Reached XP level 3. HP: 9/16 MP: 8/8
  1927 | D:2      | Reached skill level 6 in Stealth
  1927 | D:2      | Reached XP level 4. HP: 21/21 MP: 7/10
  2045 | D:2      | Reached skill level 5 in Hexes
  2577 | D:2      | Learned a level 3 spell: Tukima's Dance
  2581 | D:2      | Learned a level 3 spell: Confuse
  2990 | D:3      | Reached XP level 5. HP: 24/24 MP: 8/11
  3941 | D:4      | Reached skill level 7 in Stealth
  4318 | D:4      | Noticed a phantom
  4331 | D:4      | Killed a phantom
  4331 | D:4      | Reached XP level 6. HP: 17/28 MP: 13/13
  5094 | D:5      | Entered Level 5 of the Dungeon
  5094 | D:5      | Noticed Sigmund
  5097 | D:5      | Killed Sigmund
  5097 | D:5      | Reached skill level 8 in Stealth
  5113 | D:5      | Reached XP level 7. HP: 32/32 MP: 15/15
  5164 | D:5      | Reached skill level 5 in Spellcasting
  5311 | D:5      | Noticed Eustachio
  5326 | D:5      | Killed Eustachio
  5326 | D:5      | Reached skill level 9 in Stealth
  5965 | D:5      | Reached skill level 10 in Stealth
  5965 | D:5      | Reached XP level 8. HP: 36/36 MP: 17/17
  6277 | D:6      | Found a sand-covered staircase.
  6455 | D:6      | Reached skill level 11 in Stealth
  6562 | D:6      | Found a staircase to the Ecumenical Temple.
  6580 | Temple   | Entered the Ecumenical Temple
  6587 | Temple   | Became a worshipper of Kikubaaqudgha
  7315 | D:6      | Reached skill level 12 in Stealth
  7320 | D:6      | Reached XP level 9. HP: 39/39 MP: 17/20
  7906 | D:7      | Reached skill level 10 in Hexes
  7953 | D:7      | Found a white marble altar of Elyvilon.
  8047 | D:7      | Reached * piety under Kikubaaqudgha
  8047 | D:7      | Identified Kikubaaqudgha's Almanac of Sinister Arts
                  | (Kikubaaqudgha gifted it to you on level 7 of the Dungeon)
  8047 | D:7      | Received a gift from Kikubaaqudgha
  8047 | D:7      | Reached skill level 13 in Stealth
  8060 | D:7      | Learned a level 3 spell: Vampiric Draining
  8915 | D:8      | Reached skill level 1 in Ice Magic
  9387 | D:8      | Found a staircase to the Lair.
  9396 | Lair:1   | Entered Level 1 of the Lair of Beasts
  9465 | Lair:1   | Noticed a spiny frog
  9557 | D:9      | Reached skill level 14 in Stealth
  9557 | D:9      | Reached XP level 10. HP: 37/44 MP: 23/23
  9616 | D:9      | You fall into a shaft and drop 2 floors!
  9718 | D:10     | Entered Level 10 of the Dungeon
 10347 | D:9      | Reached ** piety under Kikubaaqudgha
 10397 | D:9      | Reached skill level 1 in Necromancy
 10983 | D:9      | Learned a level 3 spell: Dazzling Spray
 11070 | D:10     | Noticed Erolcha
 11073 | D:10     | Killed Erolcha
 11073 | D:10     | Reached skill level 1 in Fighting
 11662 | D:10     | Reached *** piety under Kikubaaqudgha
 11662 | D:10     | Identified Kikubaaqudgha's Collected Works on Unholy Magic
                  | (Kikubaaqudgha gifted it to you on level 10 of the Dungeon)
 11662 | D:10     | Received a gift from Kikubaaqudgha
 11827 | D:10     | Reached skill level 5 in Dodging
 12197 | D:10     | Noticed a cyan ugly thing
 12505 | Lair:1   | Noticed a spiny frog
 12509 | Lair:1   | Killed a spiny frog
 12685 | Lair:1   | Noticed a spiny frog
 12691 | Lair:1   | Killed a spiny frog
 12691 | Lair:1   | Reached XP level 11. HP: 51/51 MP: 24/24
 12721 | Lair:1   | Noticed Sonja
 12729 | Lair:1   | Killed Sonja
 12808 | Lair:1   | Noticed an eight-headed hydra
 12850 | Lair:1   | Killed an eight-headed hydra
 13003 | Lair:1   | Found an ancient bone altar of Kikubaaqudgha.
 13389 | Lair:2   | Reached skill level 5 in Necromancy
 13446 | Lair:2   | Found a hole to the Spider Nest.
 13627 | Lair:2   | Reached **** piety under Kikubaaqudgha
 13649 | Lair:2   | Reached skill level 15 in Stealth
 13669 | Lair:2   | Identified Sif Muna's Incunabulum of Cankerous Enchantment
 14384 | Lair:3   | Noticed Fannar
 14630 | Lair:4   | Reached skill level 5 in Ice Magic
 15328 | Lair:4   | Reached XP level 12. HP: 58/58 MP: 25/25
 16258 | Lair:4   | Found a staircase to the Shoals.
 16591 | Lair:5   | Noticed a four-headed hydra
 16591 | Lair:5   | Noticed a six-headed hydra
 16591 | Lair:5   | Noticed a four-headed hydra
 16595 | Lair:5   | Killed a six-headed hydra
 16597 | Lair:5   | Killed a four-headed hydra
 16601 | Lair:5   | Reached skill level 5 in Fighting
 16607 | Lair:5   | Killed a four-headed hydra
 16607 | Lair:5   | Reached skill level 16 in Stealth
 16619 | Lair:5   | Found a viscous altar of Jiyva.
 16959 | Lair:5   | Reached ***** piety under Kikubaaqudgha
 16996 | Lair:5   | Found a staircase to the Slime Pits.
 17008 | Lair:5   | Found a snail-covered altar of Cheibriados.
 17727 | Lair:6   | Entered Level 6 of the Lair of Beasts
 17825 | Lair:6   | Noticed Kirke
 18208 | Lair:5   | Noticed a sphinx
 18363 | Lair:5   | Noticed a sphinx
 19278 | Lair:5   | Slain by a harpy

Levels and vault maps discovered:
D:1:      dpeg_arrival_arbitrary_b, layout_basic
D:2:      layout_loops_corners
D:3:      layout_basic, minmay_diced_spiral
D:4:      layout_basic, first_ration, lemuel_flame_loot_1
D:5:      layout_loops_ring, uniq_sigmund, uniq_eustachio
D:6:      layout_basic, minmay_temple_entry_wispy, nicolae_ossuary_entry_ruins
D:7:      layout_loops_ring, lemuel_crystal_altar, grunt_livestock
D:8:      layout_rooms, lair_entry_dummy, kennysheep_generic_room_4
D:9:      layout_irregular_city, kennysheep_windowed_goal
D:10:     minmay_wavy_crystal, layout_basic, enter_bailey_6, uniq_erolcha
D:11:     layout_loops_corners, orc_0_dummy
Temple:   nicolae_temple_the_god_donut
Lair:1:   layout_hall_layers, basic_altar, minivault_24, uniq_sonja
Lair:2:   layout_long_grid, spider_nest_entry_webs
Lair:3:   layout_layer_cave, cheibrodos_lair_reptile_den, serial_bayou_shore_b,
          uniq_fannar
Lair:4:   layout_small_grid, minmay_shoals_entry_hut, special_room
          [special_room_mythical_zoo]
Lair:5:   layout_layer_cave, slime_altar_1, basic_altar, fungi_pond_lemuel,
          lemuel_fruit_tree, infiniplex_staircase_pool
Lair:6:   hangedman_lair_tendril_chambers, layout_big_grid,
          guppyfry_lair_end_dragon, ebering_ghost_disaster_area,
          chequers_serial_rivers_micro_e, serial_bayou_lagoon_a,
          minmay_stone_trees_small, grunt_forest_small_clearings, uniq_kirke

Skill      XL: |  1  2  3  4  5  6  7  8  9 10 11 12 |
---------------+-------------------------------------+-----
Hexes          | 4 5 6 7 9 11 | 11.4
Stealth        | 5 6 7 8 10 12 14 15 16 | 16.2
Spellcasting   | 3 4 5 6 8 |  8.9
Ice Magic      | 1 2 5 7 |  7.1
Necromancy     | 4 6 8 |  8.2
Short Blades   | 3 |  3.9
Fighting       | 2 4 5 |  5.2
Dodging        | 5 7 9 |  9.5

Action                   |  1- 3 |  4- 6 |  7- 9 | 10-12 || total
-------------------------+-------+-------+-------+-------++-------
Melee: Dagger            |   108 |   114 |   174 |   277 ||   673
       Rapier            |       |       |       |    11 ||    11
       Unarmed           |       |       |       |     1 ||     1
Throw: Dart              |       |       |       |     6 ||     6
 Cast: Ensorcelled Hiber |     8 |    33 |    89 |   242 ||   372
       Confuse           |       |     1 |    25 |    16 ||    42
       Tukima's Dance    |       |     1 |    10 |     4 ||    15
       Vampiric Draining |       |       |       |    62 ||    62
       Dazzling Spray    |       |       |       |     5 ||     5
  Use: Scroll            |       |    12 |     5 |    13 ||    30
       Potion            |       |       |       |     3 ||     3
 Stab: Sleeping          |    16 |    32 |    65 |   139 ||   252
       Distracted        |     1 |     1 |     1 |     2 ||     5
       Confused          |       |     2 |    13 |     9 ||    24
  Eat: Ration            |       |     1 |     3 |     5 ||     9
Armor: Robe              |     9 |     6 |    11 |     9 ||    35
Dodge: Dodged            |    85 |    76 |   201 |   375 ||   737

Table legend:
 A = Non-vault XP
 B = Vault XP
 C = Vault XP percentage of total XP
 D = Non-vault monster count
 E = Vault monster count
 F = Vault count percentage of total count
                 A         B        C        D         E       F
            +---------+---------+-------+---------+---------+-------
      Total |   27220 |   10229 |  27.3 |     299 |      40 |  11.8
            +---------+---------+-------+---------+---------+-------
        D:1 |      48 |       0 |   0.0 |      27 |       0 |   0.0
        D:2 |     109 |       0 |   0.0 |      13 |       0 |   0.0
        D:3 |      98 |      17 |  14.8 |      28 |       3 |   9.7
        D:4 |     200 |       0 |   0.0 |       9 |       0 |   0.0
        D:5 |     918 |     412 |  31.0 |      26 |       2 |   7.1
        D:6 |    1059 |       0 |   0.0 |      25 |       0 |   0.0
        D:7 |     648 |     938 |  59.1 |       8 |       5 |  38.5
        D:8 |     733 |     278 |  27.5 |      19 |       2 |   9.5
        D:9 |    1073 |       0 |   0.0 |      26 |       0 |   0.0
       D:10 |    2379 |    1018 |  30.0 |      37 |       1 |   2.6
       D:11 |     192 |       0 |   0.0 |       1 |       0 |   0.0
     Temple |      37 |       0 |   0.0 |       1 |       0 |   0.0
     Lair:1 |    3316 |     820 |  19.8 |      10 |       1 |   9.1
     Lair:2 |    4606 |       0 |   0.0 |      22 |       0 |   0.0
     Lair:3 |     103 |       0 |   0.0 |       1 |       0 |   0.0
     Lair:4 |    5159 |    5806 |  53.0 |      26 |      21 |  44.7
     Lair:5 |    5500 |       0 |   0.0 |      17 |       0 |   0.0
     Lair:6 |    1042 |     940 |  47.4 |       3 |       5 |  62.5
            +---------+---------+-------+---------+---------+-------
